 Dungeon Crawl Stone Soup version 0.23.2-40-g277498a001 (webtiles) character file.

Game seed: 4621786408517641960

60 Exodus22XD the Magician (level 3, 0/24 HPs)
             Began as a Mummy Necromancer on Aug 22, 2019.
             Killed from afar by Sigmund (12 damage)
             ... with a puff of flame
             ... on level 2 of the Dungeon.
             The game lasted 00:11:21 (1310 turns).

Exodus22XD the Magician (Mummy Necromancer)         Turns: 1310, Time: 00:11:22

Health: 0/24       AC:  4    Str: 11    XL:     3   Next: 82%
Magic:  3/9        EV: 12    Int: 15    God:
Gold:   56         SH:  0    Dex: 12    Spells: 6/11 levels left

rFire    x . .     SeeInvis .   d - +0 spear
rCold    + . .     Gourm    .   (no shield)
rNeg     + + +     Faith    .   a - +0 robe
rPois    ∞         Spirit   .   f - +0 helmet
rElec    .         Reflect  .   e - +0 cloak
rCorr    .         Harm     .   (no gloves)
MR       .....                  (no boots)
Stlth    ++........             (no amulet)
HPRegen  0.08/turn              (no ring)
MPRegen  0.11/turn              (no ring)

@: very slightly contaminated
A: no food or potions, fire vulnerability, cold resistance 1, negative energy
resistance 3, torment resistance, unbreathing
a: no special abilities


You were on level 2 of the Dungeon.
You were not hungry.

You visited 1 branch of the dungeon, and saw 2 of its levels.

You collected 56 gold pieces.

Inventory:

Hand Weapons
 d - a +0 spear (weapon)
Armour
 a - a +0 robe (worn)
 e - a +0 cloak (worn)
 f - a +0 helmet (worn)
Scrolls
 b - a scroll of fog {unknown}
 c - 4 scrolls of identify {unknown}


   Skills:
 - Level 1.5 Dodging
 - Level 1.5 Stealth
 - Level 4.6 Spellcasting
 * Level 4.4 Necromancy


You had 6 spell levels left.
You knew the following spells:

 Your Spells              Type           Power        Failure   Level  Hunger
a - Pain                  Necr           ###.         2%          1    N/A
b - Animate Skeleton      Necr           N/A          2%          1    N/A
c - Vampiric Draining     Necr           ###.......   9%          3    N/A

Your spell library contained the following spells:

 Spells                   Type           Power        Failure   Level  Hunger
 Animate Dead             Necr           N/A          26%         4    N/A
 Regeneration             Chrm/Necr      Unusable     N/A         3    N/A

Dungeon Overview and Level Annotations

Branches:
Dungeon (2/15)

Altars:

Annotations:
D:2 Sigmund


Innate Abilities, Weirdness & Mutations

You do not eat or drink.
Your flesh is vulnerable to fire.
You are immune to poison.
Your flesh is cold resistant. (rC+)
You are immune to negative energy. (rN+++)
You are immune to unholy pain and torment.
You can survive without breathing.


Message History

Casting: Pain (safe; 2% risk of failure)
Confirm with . or Enter, or press ? or * to list all spells.
Aiming: Pain (safe; 2% risk of failure)
Press: ? - help, Shift-Dir - straight line, f/p - Sigmund
Aim: Sigmund, wielding a +0 scythe and wearing a +2 robe of positive energy (lightly wounded, chance to defeat MR: 81%) Sigmund writhes in agony.
Casting: Pain (safe; 2% risk of failure)
Confirm with . or Enter, or press ? or * to list all spells.
Aiming: Pain (safe; 2% risk of failure)
Press: ? - help, Shift-Dir - straight line, f/p - Sigmund
Aim: Sigmund, wielding a +0 scythe and wearing a +2 robe of positive energy (lightly wounded, chance to defeat MR: 81%) Sigmund writhes in agony.
Your orc skeleton barely misses Sigmund.
Sigmund casts a spell at you. The magic dart hits you!
Your orc skeleton hits Sigmund but does no damage.
Sigmund gestures at you while chanting. The puff of flame hits you!
The fire burns you terribly!
Ouch! That really hurt!
You die...

#####....<>........[..........
.(....##.)############..†.####
%.[#####.## ##.#####
##...#.<.# ##Z.....#
.###(..### ##@.####..#
.##...##### ##..## #
.##Z#).Z..# ##..## .....####.#
###..## #..).(..#Z# #.@.##
#.##.##.#Z# #.### #.##..#.#.##
##.# ..###.#...Z###..# ###
#....#..Z..## ####.#...###
#...#.#### #.#÷#....# ###
#.#..###.# ....


You could see Sigmund and a friendly orc skeleton.

Vanquished Creatures
  2 adders (D:2)
  2 dart slugs
  A leopard gecko (D:1)
  3 orcs (D:2)
  4 bats
  5 hobgoblins (D:1)
  3 jackals (D:1)
  2 kobolds (D:1)
  A quokka (D:2)
  A frilled lizard (D:1)
  2 goblins (D:2)
  2 rats (D:1)
28 creatures vanquished.

Vanquished Creatures (collateral kills)
  A worm (D:2)
  A goblin (D:2)
  A hobgoblin (D:2)
3 creatures vanquished.

Grand Total: 31 creatures vanquished

Notes
Turn   | Place    | Note
-------+----------+-------------------------------------------
     0 | D:1      | Exodus22XD the Mummy Necromancer began the quest for the
                  | Orb.
     0 | D:1      | Reached XP level 1. HP: 13/13 MP: 4/4
     2 | D:1      | Learned a level 1 spell: Animate Skeleton
   190 | D:1      | Reached XP level 2. HP: 18/19 MP: 2/6
   671 | D:2      | Reached XP level 3. HP: 23/24 MP: 3/9
   823 | D:2      | Noticed Sigmund
  1079 | D:1      | Learned a level 3 spell: Vampiric Draining
  1310 | D:2      | Killed from afar by Sigmund

Skill      XL: |  1  2 |
---------------+-------+-----
Spellcasting   | 3 4 |  4.6
Dodging        | |  1.5
Stealth        | |  1.5
Necromancy     | |  4.4

Action                   || total
-------------------------++-------
Melee: Unarmed           ||    19
       Spear             ||    15
 Cast: Pain              ||    65
       Animate Skeleton  ||     7
 Stab: Sleeping          ||     1
Armor: Robe              ||    10
Dodge: Dodged            ||    31
